 Dungeon Crawl Stone Soup version 0.31.0-11-ge490571c62 (webtiles) character file.

Game seed: 9516326622817210999

1535 qw the Skirmisher (level 8, -2/40 HPs)
             Began as a Spriggan Hunter on Feb 3, 2024.
             Was an Initiate of Okawaru.
             Slain by a yak (14 damage)
             ... on level 5 of the Dungeon.
             The game lasted 00:00:23 (4541 turns).

qw the Skirmisher (Spriggan Hunter)                 Turns: 4541, Time: 00:00:24

Health: -2/40      AC:  5    Str:  7    XL:     8   Next: 55%
Magic:  9/9        EV: 24    Int: 11    God:    Okawaru [......]
Gold:   351        SH:  5    Dex: 20    Spells: 7/7 levels left

rFire   . . .        s - +0 orcbow
rCold   + . .        (shield currently unavailable)
rNeg    . . .        c - +1 robe
rPois   +            j - +2 hat
rElec   .            (no cloak)
rCorr   .            (gloves unavailable)
SInv    +            (boots unavailable)
Will    +....        h - amulet of reflection
Stlth   ++           b - ring of poison resistance
HPRegen 0.26/turn    e - ring of protection from cold
MPRegen 0.11/turn

%: reflection
@: very quick
A: very small, no large weapons, unfitting armour, see invisible, speed 3
a: Renounce Religion


You were on level 5 of the Dungeon.
You worshipped Okawaru.
Okawaru was noncommittal.
You visited 2 branches of the dungeon, and saw 6 of its levels.
You also visited: Ossuary.

You collected 351 gold pieces.


Innate Abilities, Weirdness & Mutations

You are very small and have problems with some larger weapons.
You are too small for most types of armour.
You have supernaturally acute eyesight. (SInv)
You cover ground extremely quickly. (Speed+++)


   Skills:
 - Level 3.1 Fighting
 - Level 9.0 Ranged Weapons
 + Level 8.8 Dodging
 - Level 1.5 Stealth


You had 7 spell levels left.
You didn't know any spells.
Your spell library was empty.

Inventory:

Hand Weapons
 s - a +0 orcbow (weapon)
Armour
 c - a +1 robe (worn)
 j - a +2 hat (worn)
 l - a scarf of repulsion
Jewellery
 b - a ring of poison resistance (left hand)
 e - a ring of protection from cold (right hand)
 g - a +6 ring of intelligence
 h - an amulet of reflection (around neck)
 i - a ring of poison resistance
Wands
 q - a wand of flame (17)
Scrolls
 a - a scroll of identify
 p - a scroll of teleportation
Potions
 d - 3 potions of enlightenment
 f - a potion of attraction {unknown}
 k - a potion of mutation {unknown}
 m - 8 potions of might
 n - 2 potions of curing
 o - a potion of cancellation {unknown}
 r - a potion of heal wounds {unknown}

Dungeon Overview and Level Annotations

Branches:
Dungeon (5/15)             Temple (1/1) D:4         Ossuary (visited)

Altars:
Ashenzari
Cheibriados
Dithmenos
Elyvilon
Fedhas
Kikubaaqudgha
Makhleb
Nemelex Xobeh
Okawaru
Sif Muna
Trog
Uskayaw
Wu Jian
Xom
The Shining One

Annotations:
D:3 3 runed translucent doors, qw's ghost, amateur SpHu


Message History

The yak is moderately wounded.
The yak completely misses you.
You shoot an arrow. The arrow closely misses the yak.
The arrow hits the yak.
The yak is moderately wounded.
The yak completely misses you.
You shoot an arrow.
The arrow hits the yak but does no damage.
The yak is lightly wounded.
The yak closely misses you.
You shoot an arrow. The arrow barely misses the yak.
The arrow hits the yak but does no damage.
The yak is moderately wounded.
The yak closely misses you.
You shoot an arrow.
The arrow hits the yak but does no damage.
The yak is lightly wounded.
The yak completely misses you.
You shoot an arrow. The arrow hits the yak!
The yak is heavily wounded.
You shoot an arrow. The arrow hits the yak!
The yak is moderately wounded.
You shoot an arrow. The arrow hits the yak.
The yak is moderately wounded.
The yak gores you!
You shoot an arrow. The arrow barely misses the yak.
The arrow hits the yak.
The yak is heavily wounded.
The yak gores you!
You shoot an arrow. The arrow hits the yak!
The yak is heavily wounded.
The yak misses you.
You shoot an arrow. The arrow hits the yak.
The yak is severely wounded.
The yak gores you!
You shoot an arrow. The arrow hits the yak.
The yak is severely wounded.
The yak misses you.
You shoot an arrow. The arrow barely misses the yak.
The arrow hits the yak.
The yak is heavily wounded.
The yak gores you!
You die...

######################
....YYY@............>#
....#######..........#
# #..........#
#.[........#
#..........# #.#
#..........# #.#
#####'####.# #.#
##'####.# #.#
#....)..#


You could see 3 yaks.

Vanquished Creatures
  Sigmund (D:4)
  Duvessa (D:5)
  A centaur (D:4)
  A phantom (D:4)
  A bullfrog (D:5)
  2 scorpions (D:4)
  A wight (Ossuary)
  Dowan (D:5)
  4 centaur zombies (Ossuary)
  A jelly (D:5)
  3 bullfrog zombies (Ossuary)
  4 hounds
  2 orc priests (D:5)
  Jessica (D:2)
  A scorpion zombie (Ossuary)
  Natasha (thrice) (D:2)
  2 ogre zombies (Ossuary)
  Robin (D:2)
  7 adders
  A ribbon worm zombie (D:4)
  4 adder zombies (Ossuary)
  3 dart slugs
  12 orcs
  9 endoplasms
  6 giant cockroaches
  13 goblins
  9 hobgoblins
  2 jackals (D:2)
  9 kobolds
  3 quokkas
  6 ball pythons
  8 bats
  7 frilled lizards
  4 gnoll zombies (Ossuary)
  5 goblin zombies
  4 hobgoblin zombies (Ossuary)
  A kobold zombie (D:4)
  4 orc zombies (Ossuary)
  10 rats
158 creatures vanquished.

Notes
Turn   | Place    | Note
-------+----------+-------------------------------------------
     0 | D:1      | qw the Spriggan Hunter began the quest for the Orb.
     0 | D:1      | Reached XP level 1. HP: 10/10 MP: 2/2
     0 | D:1      | 0 ||| qw: Version: 0.3-a-157-g843a77d
     0 | D:1      | 0 ||| qw: Game counter: 3682
     0 | D:1      | 0 ||| qw: Melee chars always use a shield: true
     0 | D:1      | 0 ||| qw: God list: Okawaru
     0 | D:1      | 0 ||| qw: Allow faded altars: false
     0 | D:1      | 0 ||| qw: Do Orc after clearing Dungeon:15 true
     0 | D:1      | 0 ||| qw: Do second Lair branch before Depths: true
     0 | D:1      | 0 ||| qw: Lair rune preference: random
     0 | D:1      | 0 ||| qw: Goals: Normal
     0 | D:1      | 0 ||| PLANNING D:1-11
    38 | D:1      | Reached skill level 3 in Dodging
    73 | D:1      | Reached XP level 2. HP: 12/14 MP: 3/3
   355 | D:1      | Reached XP level 3. HP: 18/18 MP: 4/4
   455 | D:1      | 455 ||| UPGRADING to amulet of reflection.
   460 | D:1      | 460 ||| READING scroll labelled WEGGIFF KOUTI.
   461 | D:1      | 461 ||| READING scroll labelled OWOITRIANU.
   462 | D:1      | 462 ||| READING scroll labelled TUZAPLU VIFOE.
   462 | D:1      | 462 ||| IDENTIFYING blue potion
   463 | D:1      | 463 ||| DRINKING 2 purple potions.
   464 | D:1      | 464 ||| DROPPING scroll of butterflies.
   465 | D:1      | 465 ||| DROPPING potion of brilliance.
   485 | D:2      | 485 ||| STAIRDANCE
   489 | D:2      | 489 ||| STAIRDANCE
   741 | D:2      | Noticed Robin
   759 | D:2      | Killed Robin
   760 | D:2      | Reached skill level 5 in Ranged Weapons
   766 | D:2      | Reached XP level 4. HP: 11/22 MP: 5/5
  1171 | D:2      | Noticed Jessica
  1173 | D:2      | Killed Jessica
  1187 | D:2      | Noticed Natasha
  1197 | D:2      | Killed Natasha
  1198 | D:2      | Reached XP level 5. HP: 16/26 MP: 6/6
  1252 | D:2      | Noticed Natasha
  1258 | D:2      | Killed Natasha
  1354 | D:2      | Noticed Natasha
  1360 | D:2      | Killed Natasha
  1549 | D:2      | 1549 ||| UPGRADING to +2 hat.
  1554 | D:2      | 1554 ||| UPGRADING to ring of poison resistance.
  1555 | D:2      | 1555 ||| UPGRADING to ring of protection from cold.
  1556 | D:2      | 1556 ||| READING scroll of identify.
  1556 | D:2      | 1556 ||| IDENTIFYING yellow potion
  1557 | D:2      | 1557 ||| READING scroll labelled ZEYNNI FUTAG.
  1558 | D:2      | 1558 ||| READING scroll labelled FAITAN TOGREGH.
  1561 | D:2      | 1561 ||| DROPPING potion of degeneration.
  1646 | D:3      | Found a hide-covered altar of Uskayaw.
  1676 | D:3      | Found a runed translucent gate.
  1676 | D:3      | Found a runed translucent gate.
  1677 | D:3      | Found a runed translucent gate.
  1679 | D:3      | Noticed qw's ghost (amateur SpHu)
  1767 | D:3      | Reached skill level 6 in Ranged Weapons
  2204 | D:3      | 2204 ||| READING 2 scrolls labelled ASODGH NEFARPHE.
  2305 | D:3      | 2305 ||| DRINKING 4 smoky golden potions.
  2306 | D:3      | 2306 ||| DROPPING scroll of vulnerability.
  2325 | D:4      | 2325 ||| PLANNING OSSUARY
  2381 | D:4      | Reached XP level 6. HP: 30/30 MP: 7/7
  2448 | D:4      | Reached skill level 6 in Dodging
  2545 | D:4      | Found a staircase to the Ecumenical Temple.
  2553 | D:4      | Noticed Sigmund
  2569 | D:4      | Killed Sigmund
  2570 | D:4      | Reached skill level 7 in Ranged Weapons
  2570 | D:4      | Reached XP level 7. HP: 24/35 MP: 8/8
  2681 | D:4      | 2681 ||| FLEEEEING.
  2774 | D:4      | 2774 ||| SWAPPING to +0 orcbow.
  2781 | D:4      | 2781 ||| DROPPING +0 shortbow.
  2850 | D:4      | Found a sand-covered staircase.
  2851 | D:4      | 2851 ||| DROPPING ring of wizardry.
  2852 | D:4      | 2852 ||| READING scroll labelled PAF XIUTIX.
  2853 | D:4      | 2853 ||| READING scroll labelled NANEAMP BUENIJ.
  2854 | D:4      | 2854 ||| READING scroll labelled QUBBUHUUCS.
  2854 | D:4      | 2854 ||| ENCHANTING +0 robe.
  2866 | Ossuary  | Entered an ossuary
  2953 | Ossuary  | Reached skill level 8 in Ranged Weapons
  3000 | Ossuary  | Reached skill level 3 in Fighting
  3070 | Ossuary  | Reached XP level 8. HP: 28/40 MP: 9/9
  3145 | Ossuary  | Noticed a silent spectre
  3174 | Ossuary  | 3174 ||| DRINKING 2 black potions.
  3175 | Ossuary  | 3175 ||| DRINKING 2 fuming golden potions.
  3176 | Ossuary  | 3176 ||| DROPPING potion of invisibility.
  3182 | D:4      | 3182 ||| PLANNING TEMPLE
  3182 | D:4      | 3182 ||| READING scroll labelled NEBEFY OTWI.
  3308 | D:4      | 3308 ||| READING scroll labelled WARIEPNI AMOILO.
  3482 | Temple   | Entered the Ecumenical Temple
  3483 | Temple   | 3483 ||| PLANNING OKAWARU WORSHIP
  3498 | Temple   | Became a worshipper of Warmaster Okawaru
  3499 | Temple   | 3499 ||| PLANNING D:1-11
  3882 | D:4      | 3882 ||| READING scroll of identify.
  3882 | D:4      | 3882 ||| IDENTIFYING coppery potion
  3883 | D:4      | 3883 ||| DROPPING potion of ambrosia.
  4018 | D:5      | Entered Level 5 of the Dungeon
  4043 | D:5      | Noticed Duvessa
  4049 | D:5      | Noticed Dowan
  4051 | D:5      | Killed Duvessa
  4057 | D:5      | Killed Dowan
  4058 | D:5      | 4058 ||| FLEEEEING.
  4059 | D:5      | 4059 ||| FLEEEEING.
  4061 | D:5      | 4061 ||| FLEEEEING.
  4064 | D:5      | 4064 ||| FLEEEEING.
  4065 | D:5      | 4065 ||| FLEEEEING.
  4066 | D:5      | 4066 ||| FLEEEEING.
  4067 | D:5      | 4067 ||| FLEEEEING.
  4068 | D:5      | 4068 ||| FLEEEEING.
  4069 | D:5      | 4069 ||| FLEEEEING.
  4070 | D:5      | 4070 ||| FLEEEEING.
  4083 | D:5      | 4083 ||| FLEEEEING.
  4084 | D:5      | 4084 ||| FLEEEEING.
  4085 | D:5      | 4085 ||| FLEEEEING.
  4086 | D:5      | 4086 ||| FLEEEEING.
  4087 | D:5      | 4087 ||| FLEEEEING.
  4088 | D:5      | 4088 ||| FLEEEEING.
  4089 | D:5      | 4089 ||| FLEEEEING.
  4090 | D:5      | 4090 ||| FLEEEEING.
  4091 | D:5      | 4091 ||| FLEEEEING.
  4092 | D:5      | 4092 ||| FLEEEEING.
  4093 | D:5      | 4093 ||| FLEEEEING.
  4098 | D:5      | 4098 ||| STAIRDANCE
  4148 | D:5      | Reached skill level 9 in Ranged Weapons
  4468 | D:5      | Found a burning altar of Makhleb.
  4541 | D:5      | Slain by a yak

Levels and vault maps discovered:
D:1:      roderic_chinese_lattice_arrival, layout_rooms, serial_rivers,
          chequers_serial_rivers_small_b, chequers_serial_rivers_large_a,
          chequers_serial_rivers_micro_e, chequers_serial_rivers_micro_e,
          chequers_serial_rivers_small_a
D:2:      layout_loops_corners, uniq_robin, uniq_jessica, uniq_natasha
D:3:      layout_loops_cross, mainiacjoe_overflow_tiny_flanked, serial_glass,
          glass_columns_b, glass_columns_a, gammafunk_ghost_split,
          minmay_misc_feat_diagonals
D:4:      layout_basic, temple_fountains, enter_ossuary_3, uniq_sigmund
D:5:      minmay_chambers_of_threes, layout_basic, bloody_makhleb,
          nzn_hepliaklqana_mist_gate, minivault_25, uniq_duvessa
Temple:   oiseaux_autumnal_temple

Skill      XL: |  1  2  3  4  5  6  7  8 |
---------------+-------------------------+-----
Dodging        | 3 4 5 6 7 8 |  8.8
Ranged Weapons | 5 6 7 8 9 |  9.0
Fighting       | 2 3 |  3.1
Stealth        | |  1.5

Action                     |  1- 3 |  4- 6 |  7- 9 || total
---------------------------+-------+-------+-------++-------
   Fire: Shortbow          |   118 |   155 |    11 ||   284
         Orcbow            |       |       |   235 ||   235
    Use: Scroll            |     3 |     4 |     6 ||    13
         Potion            |     1 |     1 |     2 ||     4
 Armour: Robe              |    13 |    16 |    50 ||    79
  Dodge: Dodged            |    30 |    38 |   165 ||   233
  Block: Other             |     4 |    13 |    37 ||    54
         Reflection        |       |     2 |     2 ||     4

Table legend:
 A = Non-vault XP
 B = Vault XP
 C = Vault XP percentage of total XP
 D = Non-vault monster count
 E = Vault monster count
 F = Vault count percentage of total count
                 A         B        C        D         E       F
            +---------+---------+-------+---------+---------+-------
      Total |    1102 |    1092 |  49.8 |     108 |      50 |  31.6
            +---------+---------+-------+---------+---------+-------
        D:1 |      48 |       0 |   0.0 |      29 |       0 |   0.0
        D:2 |     137 |     106 |  43.6 |      22 |      13 |  37.1
        D:3 |      71 |       0 |   0.0 |      26 |       0 |   0.0
        D:4 |     531 |     255 |  32.4 |      21 |       4 |  16.0
        D:5 |     315 |     211 |  40.1 |      10 |       2 |  16.7
    Ossuary |       0 |     520 | 100.0 |       0 |      31 | 100.0
            +---------+---------+-------+---------+---------+-------
